 Dungeon Crawl Stone Soup version 0.20-b1-24-gb21faa7 (webtiles) character file.

27 FakerFangirl the Gusty (level 2, -1/24 HPs)
             Began as a Draconian Air Elementalist on May 25, 2017.
             Slain by a crimson imp (3 damage)
             ... on level 1 of the Dungeon.
             The game lasted 00:01:42 (1518 turns).

FakerFangirl the Gusty (Draconian Air Elementalist) Turns: 1518, Time: 00:01:42

Health: -1/24      AC:  4    Str: 10    XL:     2   Next: 93%
Magic:  2/5        EV: 12    Int: 15    God:
Gold:   9          SH:  0    Dex: 11    Spells: 4/5 levels left

rFire    . . .     SeeInvis .   Y - +0 club
rCold    . . .     Gourm    .   (no shield)
rNeg     . . .     Faith    .   (armour unavailable)
rPois    .         Spirit   .   (helmet restricted)
rElec    .         Reflect  .   (no cloak)
rCorr    .         Harm     .   (no gloves)
MR       .....                  (no boots)
Stlth    ++........             (no amulet)
Regen    0.1/turn               (no ring)
MPRegen  0.1/turn               (no ring)

@: no status effects
A: unfitting armour, cold-blooded, AC +4
a: no special abilities


You were on level 1 of the Dungeon.
You were not hungry.

You visited 1 branch of the dungeon, and saw 1 of its levels.

You collected 9 gold pieces.


Innate Abilities, Weirdness & Mutations

Your plain brown scales are hard. (AC +4)
You cannot fit into any form of body armour.
You are cold-blooded and may be slowed by cold attacks.


   Skills:
 - Level 1.6 Fighting
 + Level 1.9 Maces & Flails
 - Level 1.7 Dodging
 - Level 1.7 Stealth
 - Level 2.0 Spellcasting
 - Level 1.0 Conjurations
 - Level 3.0 Air Magic


You had 4 spell levels left.
You knew the following spells:

 Your Spells              Type           Power        Failure   Level  Hunger
a - Shock                 Conj/Air       #...         10%         1    #......

Inventory:

Hand Weapons
 Y - a +0 club (weapon)
Potions
 d - a potion of ambrosia {unknown}
 f - a potion of degeneration {unknown}
 j - a potion of flight {unknown}
 l - a potion of curing {unknown}
Books
 a - a book of Air

   Spells                             Type                      Level
   a - Shock                          Conjuration/Air              1
   b - Swiftness                      Charms/Air                   2
   c - Static Discharge               Conjuration/Air              3
   d - Airstrike                      Air                          4
   e - Lightning Bolt                 Conjuration/Air              5
Comestibles
 b - a bread ration
 c - a chunk of flesh

Dungeon Overview and Level Annotations

Branches:
Dungeon (1/15)

Altars:


Message History

You tail-slap the crimson imp, but do no damage.
The crimson imp hits you but does no damage.
You barely miss the crimson imp.
Your tail-slap misses the crimson imp.
The crimson imp hits you. x2
You barely miss the crimson imp.
Your tail-slap misses the crimson imp.
The crimson imp hits you but does no damage.
You barely miss the crimson imp.
The crimson imp hits you but does no damage.
You barely miss the crimson imp. You tail-slap the crimson imp.
The crimson imp is lightly wounded.
The crimson imp closely misses you.
You hit the crimson imp but do no damage.
You tail-slap the crimson imp.
The crimson imp is moderately wounded.
The crimson imp hits you but does no damage.
The crimson imp hits you.
You hit the crimson imp but do no damage.
The crimson imp is lightly wounded.
The crimson imp hits you.
You die...

##....##.###.#.# #........#......
.'....'....#.#.# #........#......
.#....##.#.#.#.# #........#......
.#....##.#.#.#.# #........#......
.+....##.#.#.#'############......
.##'####.#...........##....#..#'#
.......#.####........##....##.#.#
..#.##.#....'..5.....##....##.#.#
#.#....######...@....##....##.#.#
..#..### #........(...........
###..# #.#....##...........#
.....# ####.#....##.#....###..#
####.# #....#######.#..........
####.# #....# #.#..........
...).#####....#######.####.......
........##....+..........'.....>.
........##..[.#######.####.......


You could see a crimson imp.

Vanquished Creatures
  2 leopard geckos (D:1)
  2 ball pythons (D:1)
  2 giant cockroaches (D:1)
  2 goblins (D:1)
  4 hobgoblins (D:1)
  3 frilled lizards (D:1)
  A kobold (D:1)
  10 rats (D:1)
26 creatures vanquished.

Notes
Turn   | Place    | Note
-------+----------+-------------------------------------------
     0 | D:1      | FakerFangirl the Draconian Air Elementalist began the quest for the Orb.
     0 | D:1      | Reached XP level 1. HP: 14/14 MP: 3/3
     0 | D:1      | 0 ||| counter = 9
     3 | D:1      | 3 ||| CASTING Shock
    19 | D:1      | 19 ||| CASTING Shock
    40 | D:1      | 40 ||| CASTING Shock
    61 | D:1      | 61 ||| CASTING Shock
    62 | D:1      | 62 ||| CASTING Shock
    63 | D:1      | 63 ||| CASTING Shock
    64 | D:1      | Reached skill level 1 in Fighting
   104 | D:1      | 104 ||| CASTING Shock
   105 | D:1      | 105 ||| CASTING Shock
   106 | D:1      | 106 ||| CASTING Shock
   107 | D:1      | 107 ||| CASTING Shock
   258 | D:1      | 258 ||| CASTING Shock
   278 | D:1      | 278 ||| CASTING Shock
   279 | D:1      | 279 ||| CASTING Shock
   280 | D:1      | 280 ||| CASTING Shock
   330 | D:1      | 330 ||| CASTING Shock
   358 | D:1      | 358 ||| Wielding weapon club.
   413 | D:1      | 413 ||| CASTING Shock
   414 | D:1      | 414 ||| CASTING Shock
   419 | D:1      | Reached XP level 2. HP: 18/24 MP: 1/5
   490 | D:1      | 490 ||| CASTING Shock
   491 | D:1      | 491 ||| CASTING Shock
   494 | D:1      | 494 ||| CASTING Shock
   543 | D:1      | 543 ||| CASTING Shock
   544 | D:1      | 544 ||| CASTING Shock
   582 | D:1      | 582 ||| CASTING Shock
   608 | D:1      | 608 ||| CASTING Shock
   608 | D:1      | Reached skill level 1 in Maces & Flails
   668 | D:1      | 668 ||| CASTING Shock
   669 | D:1      | 669 ||| CASTING Shock
   703 | D:1      | 703 ||| CASTING Shock
   721 | D:1      | 721 ||| CASTING Shock
   771 | D:1      | 771 ||| CASTING Shock
   772 | D:1      | 772 ||| CASTING Shock
   798 | D:1      | 798 ||| CASTING Shock
   799 | D:1      | 799 ||| CASTING Shock
   800 | D:1      | 800 ||| CASTING Shock
   801 | D:1      | 801 ||| CASTING Shock
   909 | D:1      | 909 ||| CASTING Shock
  1006 | D:1      | 1006 ||| CASTING Shock
  1007 | D:1      | 1007 ||| CASTING Shock
  1008 | D:1      | 1008 ||| CASTING Shock
  1009 | D:1      | 1009 ||| CASTING Shock
  1058 | D:1      | 1058 ||| CASTING Shock
  1059 | D:1      | 1059 ||| CASTING Shock
  1135 | D:1      | 1135 ||| CASTING Shock
  1136 | D:1      | 1136 ||| CASTING Shock
  1280 | D:1      | 1280 ||| CASTING Shock
  1281 | D:1      | 1281 ||| CASTING Shock
  1337 | D:1      | 1337 ||| EATING royal jelly.
  1410 | D:1      | 1410 ||| CASTING Shock
  1429 | D:1      | 1429 ||| CASTING Shock
  1442 | D:1      | 1442 ||| READING scroll labeled PAISYM SIROAF.
  1443 | D:1      | 1443 ||| READING scroll labeled JIASEGH WABO.
  1446 | D:1      | 1446 ||| READING scroll labeled AQAZANE READU.
  1447 | D:1      | Noticed a crimson imp
  1460 | D:1      | 1460 ||| CASTING Shock
  1465 | D:1      | 1465 ||| CASTING Shock
  1466 | D:1      | 1466 ||| CASTING Shock
  1467 | D:1      | 1467 ||| CASTING Shock
  1468 | D:1      | 1468 ||| CASTING Shock
  1475 | D:1      | 1475 ||| CASTING Shock
  1499 | D:1      | 1499 ||| CASTING Shock
  1500 | D:1      | 1500 ||| CASTING Shock
  1501 | D:1      | 1501 ||| CASTING Shock
  1510 | D:1      | HP: 6/24 [crimson imp (1)]
  1513 | D:1      | HP: 2/24 [crimson imp (1)]
  1518 | D:1      | Slain by a crimson imp

Vault maps used:
D:1:      onia_arrival_larder

Skill      XL: |  1  2 |
---------------+-------+-----
Fighting       | 1 |  1.6
Maces & Flails | 1 |  1.9
Dodging        | |  1.7
Stealth        | |  1.7
Spellcasting   | |  2.0
Conjurations   | |  1.0
Air Magic      | |  3.0

Action                   || total
-------------------------++-------
Melee: Unarmed           ||     7
       Club              ||    77
       Tailslap          ||     6
 Cast: Shock             ||    48
  Use: Scroll            ||     3
  Eat: Royal jelly       ||     1
       Chunk             ||     1
Armor: Skin              ||    20
Dodge: Dodged            ||    47
